 Dungeon Sprint DCSS version 0.32-a0-960-g3814254bd7 (webtiles) character file.

Game seed: 10982154448067450091

110 Ahpoh the Poker (level 4, 0/40 HPs)
             Began as a Human Berserker on Apr 17, 2024.
             Was a Follower of Trog.
             Killed from afar by Sigmund (7 damage)
             ... with a puff of flame
             ... in the Dungeon (Sprint I: "Red Sonja").
             The game lasted 00:02:12 (76 turns).

Ahpoh the Poker (Human Berserker)                     Turns: 76, Time: 00:02:14

Health: 0/40       AC:  2    Str: 17    XL:     4   Next: 91%
Magic:  4/4        EV: 12    Int:  8    God:    Trog [*.....]
Gold:   54         SH:  0    Dex: 14    Spells: 3/3 levels left

rFire   . . .        a - +0 spear
rCold   . . .        (no shield)
rNeg    . . .        b - +0 animal skin
rPois   .            (no helmet)
rElec   .            (no cloak)
rCorr   .            (no gloves)
SInv    .            (no boots)
Will    .....        (no amulet)
Stlth   ++           (no ring)
HPRegen 0.26/turn    (no ring)
MPRegen 0.09/turn

%: no teleportation
@: on berserk cooldown, slowed, very slow
A: explore regen
a: Renounce Religion, Berserk


You were in the Dungeon.
You worshipped Trog.
Trog was aware of your devotion.
You visited 1 branch You collected 54 gold pieces.

Inventory:

Hand Weapons
 a - a +0 spear (weapon)
Armour
 b - a +0 animal skin (worn)
Wands
 e - a wand of paralysis (4)
Potions
 c - a potion of curing
 d - a potion of heal wounds
 f - 2 potions of magic


   Skills:
 + Level 5.8 Fighting
 + Level 6.2 Polearms
 + Level 3.4 Armour
 + Level 3.3 Dodging
 + Level 3.6 Stealth


You had 3 spell levels left.
You didn't know any spells.
Your spell library was empty.

Dungeon Overview and Level Annotations

Branches:
Dungeon (1/1)

Altars:

Annotations:
D Sigmund


Innate Abilities, Weirdness & Mutations

You regain HP and MP as you explore.


Message History

There is an open door here.
You now have 27 gold pieces.
You now have 54 gold pieces (gained 27).
There is an open door here.
You close the door.
You start resting.
You recover from your berserk rage.
You open the door.
There is an open door here.
Sigmund shouts!
Sigmund barely misses you.
A red film seems to cover your vision as you go berserk!
You feel yourself moving faster!
You feel mighty! Sigmund gestures at you while chanting.
You are confused.
You puncture Sigmund!
Sigmund is heavily wounded.
Sigmund zaps a wand.
The puff of flame hits you!
You bump into the rock wall.
You feel a strong urge to attack something.
Sigmund hits you with a +0 scythe!
You bump into the rock wall.
You feel your anger nearly subside.
You are no longer berserk.
You are exhausted.
You feel yourself slow down.
You hit Sigmund.
Sigmund is severely wounded.
Sigmund closely misses you.
You hit Sigmund.
Sigmund is severely wounded.
You feel less confused.
Sigmund zaps a wand.
The puff of flame hits you!
* * * LOW HITPOINT WARNING * * *
Aiming: Paralyse
Press: ? - help, Q - select action Shift-Dir - straight line, f - Sigmund
Aim: Sigmund, wielding a +0 scythe, wearing a +0 robe and carrying a wand of flame (severely wounded, chance to affect: 57%) Sigmund resists with significant effort.
Sigmund zaps a wand.
The puff of flame hits you!
You die...
Sigmund begins carving another notch in his scythe.

#############
#<.#..'..#.@+
#..)..#..'@.#
#.)#####+####
#..# #..#
#..# ####
#..# #⌠⌠#
####


You could see Sigmund.

Vanquished Creatures
  An ogre (D)
  Ijyb (D)
2 creatures vanquished.

Notes
Turn   | Place    | Note
-------+----------+-------------------------------------------
     0 | D        | Ahpoh the Human Berserker began the quest for the Orb.
     0 | D        | Reached XP level 1. HP: 18/18 MP: 1/1
     1 | D        | Noticed Ijyb
     2 | D        | Paralysed by Ijyb for 5 turns
    13 | D        | Killed Ijyb
    14 | D        | Reached skill level 4 in Polearms
    14 | D        | Reached XP level 2. HP: 19/26 MP: 2/2
    14 | D        | Reached XP level 3. HP: 22/31 MP: 3/3
    19 | D        | Noticed an ogre
    38 | D        | Killed an ogre
    39 | D        | Reached skill level 5 in Fighting
    39 | D        | Reached skill level 6 in Polearms
    39 | D        | Reached XP level 4. HP: 14/40 MP: 4/4
    49 | D        | Noticed Sigmund
    76 | D        | Killed from afar by Sigmund

Illustrated notes

Levels and vault maps discovered:
D:        dungeon_sprint_1 [red_sonja_temple_1, red_sonja_temple_small_1]

Skill      XL: |  1  2  3 |
---------------+----------+-----
Fighting       | 4 5 |  5.8
Polearms       | 4 6 |  6.2
Armour         | 3 |  3.4
Dodging        | 3 |  3.3
Stealth        | 3 |  3.6

Action                     |  1- 3 |  4- 6 || total
---------------------------+-------+-------++-------
  Melee: Spear             |    17 |     3 ||    20
 Invoke: Berserk           |       |     1 ||     1
  Evoke: Wand              |     1 |     1 ||     2
    Use: Potion            |     2 |       ||     2
         Scroll            |     1 |       ||     1
   Stab: Paralysed         |     8 |       ||     8
 Armour: Animal skin       |     3 |     4 ||     7
  Dodge: Dodged            |     2 |     2 ||     4

Table legend: (Time is in decaauts)
 A = Elapsed time spent in this place.
 B = Non-inter-level travel time spent in this place.
 C = Inter-level travel time spent in this place.
 D = Time resting spent in this place.
 E = Time spent auto-exploring this place.
 F = Levels seen in this place.
 G = Mean time per level.
                   A        B        C        D        E       F      G
               +--------+--------+--------+--------+--------+-----+--------+
         Total |     75 |     75 |      0 |      2 |      1 |   1 |   75.0 |
       Dungeon |     75 |     75 |      0 |      2 |      1 |   1 |   75.0 |
               +--------+--------+--------+--------+--------+-----+--------+

Top non-repeatable levels by time:
       D: 75 daAuts
